cohdb
Replays
Latest Replays
All Replays
Popular Replays
Top Player Replays
Match Explorer
How It Works
Community
CoH3 Stats
Reddit
Sign in to upload your games and track your stats! →
Sign in with Steam
Match 39643630
Unlisted
Match 39643630
Overview
Messages
Build Orders
End
Panzergrenadier Squad
Selects Panzerjäger Kommand Battlegroup
Selects Mine Fields
Panzergrenadier Squad
250 Light Carrier
Construct Light Support Kompanie
MG34 Team
Fire Support Elements
Flakvierling Half-track
Vehicle Survival Package
Selects Defensive Positions
Selects Defensive Positions
Construct Mechanized Kompanie
Selects Tank Busters
Selects Crew Shock Tactics
StuG III D Assault Gun
Veteran Squad Leaders
StuG III D Assault Gun
Emergency Repair Kits
Construct Panzerarmee Kommand
Selects Elefant Tank Destroyer
Elefant Tank Destroyer
18-tonne Recovery Half-track
Selects Early Warning
AI Takeover
Thrusher
Potatohalbe
Maiti
StarDriver
sgtViveron
CuteBaguettE
0
0
Comments
sign in to comment!
No comments posted yet!